 Dungeon Crawl Stone Soup version 0.31-a0-174-g85c54bcb58 (webtiles) character file.

Game seed: 3506886985014714766

6575 qw the Skirmisher (level 11, 0/103 HPs)
             Began as a Naga Hunter on June 15, 2023.
             Was a Follower of Okawaru.
             Killed from afar by a gargoyle (18 damage)
             ... with a stone arrow
             ... on level 10 of the Dungeon.
             The game lasted 00:03:29 (9325 turns).

qw the Skirmisher (Naga Hunter)                     Turns: 9325, Time: 00:03:30

Health: 0/103      AC: 11    Str: 13    XL:     11   Next: 1%
Magic:  14/15      EV: 17    Int: 10    God:    Okawaru [*.....]
Gold:   199        SH:  0    Dex: 22    Spells: 10/10 levels left

rFire   . . .        Y - +0 orcbow
rCold   + + .        (shield currently unavailable)
rNeg    + . .        l - +2 robe {rC+}
rPois   +            i - +2 helmet
rElec   .            (no cloak)
rCorr   .            e - +0 pair of gloves {Dex+3}
SInv    +            (no barding)
Will    ++...        b - amulet of faith
Stlth   ++++         j - ring of protection from cold
HPRegen 0.37/turn    m - ring of positive energy
MPRegen 0.14/turn

%: faith
@: about to teleport, heroic, very slow
A: AC +3, large, see invisible, deformed body, poison resistance, slowness 2,
spit poison 1, naga tail 1, high MP 1, strong-willed 1
a: Spit Poison, Renounce Religion, Heroism


You were on level 10 of the Dungeon.
You worshipped Okawaru.
Okawaru was aware of your devotion.
You visited 2 branches of the dungeon, and saw 11 of its levels.

You collected 602 gold pieces.
You spent 403 gold pieces at shops.


Innate Abilities, Weirdness & Mutations

Your serpentine skin is tough. (AC +3)
You have supernaturally acute eyesight. (SInv)
Armour fits poorly on your strangely shaped body.
Your system is resistant to poisons. (rPois)
You cover ground very slowly.
You can spit poison.
You have a snake-like lower body.
You have an increased reservoir of magic. (+10% MP)
You are strong-willed. (Will+)


   Skills:
 - Level 8.0(13.0) Fighting
 + Level 12.0(17.0) Ranged Weapons
 - Level 1.3(6.3) Armour
 - Level 5.0(10.0) Dodging
 - Level 1.5(6.5) Stealth
 - Level 4.0 Invocations


You had 10 spell levels left.
You didn't know any spells.
Your spell library was empty.

Inventory:

Hand Weapons
 Y - a +0 orcbow (weapon)
Armour
 e - a +0 pair of gloves of dexterity (worn)
 i - a +2 helmet (worn)
 k - a +2 ring mail of poison resistance
 l - a +2 robe of cold resistance (worn)
Jewellery
 b - an amulet of faith (around neck)
 j - a ring of protection from cold (left hand)
 m - a ring of positive energy (right hand)
Scrolls
 f - 2 scrolls of identify
 h - 2 scrolls of teleportation
Potions
 a - a potion of might
 c - a potion of mutation
 d - 4 potions of curing
 g - 2 potions of resistance {unknown}

Dungeon Overview and Level Annotations

Branches:
Dungeon (10/15)            Temple (1/1) D:6            Lair (0/5) D:10
    Orc (0/2) D:9

Altars:
Ashenzari
Cheibriados
Dithmenos
Elyvilon
Fedhas
Gozag
Kikubaaqudgha
Makhleb
Nemelex Xobeh
Okawaru
Qazlal
Ru
Sif Muna
Trog
Uskayaw
Vehumet
Wu Jian
Xom
Yredelemnul
Zin
The Shining One

Shops:
D:4 [   D:7 [

Annotations:
D:7 2 runed translucent doors, qw's ghost, novice NaHu


Message History

You shoot an arrow.
The arrow hits the gargoyle but does no damage.
The gargoyle is moderately damaged.
The gargoyle barely misses you.
You shoot an arrow.
The arrow hits the gargoyle but does no damage.
The gargoyle is moderately damaged.
The gargoyle closely misses you.
You shoot an arrow.
The arrow hits the gargoyle but does no damage.
The gargoyle is moderately damaged.
You shoot an arrow.
The arrow hits the gargoyle but does no damage.
The gargoyle is moderately damaged.
The gargoyle hurls a stone arrow at you.
The stone arrow hits you.
You shoot an arrow.
The arrow hits the gargoyle but does no damage.
The gargoyle is moderately damaged.
The gargoyle closely misses you.
You shoot an arrow.
The arrow hits the gargoyle but does no damage.
The gargoyle is moderately damaged.
You shoot an arrow. The arrow hits the gargoyle.
The gargoyle is heavily damaged.
The gargoyle hits you but does no damage.
You shoot an arrow. The arrow hits the gargoyle!
The gargoyle is almost destroyed.
The gargoyle hurls a stone arrow at you.
The stone arrow hits you!
9324 ||| READING 3 scrolls of teleportation.
As you read the scroll of teleportation, it crumbles to dust.
You feel strangely unstable. The gargoyle closely misses you.
You shoot an arrow.
The arrow hits the gargoyle but does no damage.
The gargoyle is almost destroyed.
The gargoyle hurls a stone arrow at you.
The stone arrow hits you!!
You die...

##. .$..$#.
#.. ..$.$#.
...+.._..#.
..#...$.#.
#.#.....#!
####.#######.
#....9...)...
#.# #@...#
##.# #.#..#
#..###.#..##..
#.........[...
#..#......###.
#.###.#####
###.###.#
#.......#
#.#####.####


You could see a gargoyle.

Vanquished Creatures
  Erica (D:8)
  Prince Ribbit (D:8)
  A shadow (D:9)
  A wyvern (D:9)
  9 yaks (D:9)
  2 acid dragons
  A water moccasin (D:8)
  An ice beast (D:5)
  2 black bears
  5 orc warriors
  3 sky beasts (D:7)
  3 ogres
  A centaur (D:9)
  2 kobold brigands
  3 phantoms
  5 scorpions
  14 wights
  5 killer bees (D:8)
  A howler monkey (D:5)
  2 hounds (D:6)
  6 orc priests
  An iguana (D:6)
  A sleepcap (D:4)
  A gnoll bouda (D:8)
  Natasha (thrice) (D:4)
  8 orc wizards
  8 adders
  9 gnolls
  A shadow imp (D:7)
  3 white imps
  An ufetubus (D:5)
  2 worms
  2 dart slugs
  41 orcs
  5 bats
  6 endoplasms
  5 giant cockroaches
  7 goblins
  4 hobgoblins
  7 jackals
  3 quokkas
  4 ball pythons
  A frilled lizard (D:1)
  17 kobolds
  7 rats
216 creatures vanquished.

Vanquished Creatures (others)
  A human (D:4)
1 creature vanquished.

Grand Total: 217 creatures vanquished

Notes
Turn   | Place    | Note
-------+----------+-------------------------------------------
     0 | D:1      | qw the Naga Hunter began the quest for the Orb.
     0 | D:1      | Reached XP level 1. HP: 19/19 MP: 1/1
     0 | D:1      | 0 ||| qw: Version: 0.2-a-29-g511e9b1
     0 | D:1      | 0 ||| qw: Game counter: 5498
     0 | D:1      | 0 ||| qw: Always use a shield: true
     0 | D:1      | 0 ||| qw: God list: Okawaru
     0 | D:1      | 0 ||| qw: Allow faded altars: false
     0 | D:1      | 0 ||| qw: Do Orc after D:15 true
     0 | D:1      | 0 ||| qw: Do second Lair branch before Depths: true
     0 | D:1      | 0 ||| qw: Lair rune preference: random
     0 | D:1      | 0 ||| qw: Plans: Normal
     0 | D:1      | 0 ||| PLANNING D:1-11
    38 | D:1      | 38 ||| INVOKING Spit Poison.
    55 | D:1      | 55 ||| INVOKING Spit Poison.
    57 | D:1      | Reached skill level 4 in Ranged Weapons
    57 | D:1      | Reached XP level 2. HP: 26/26 MP: 2/2
    69 | D:1      | 69 ||| INVOKING Spit Poison.
   114 | D:1      | 114 ||| INVOKING Spit Poison.
   118 | D:1      | 118 ||| INVOKING Spit Poison.
   156 | D:1      | 156 ||| INVOKING Spit Poison.
   162 | D:1      | 162 ||| INVOKING Spit Poison.
   163 | D:1      | Reached XP level 3. HP: 18/32 MP: 3/3
   267 | D:1      | Found a faded altar of an unknown god.
   279 | D:1      | 279 ||| INVOKING Spit Poison.
   303 | D:1      | 303 ||| INVOKING Spit Poison.
   307 | D:1      | 307 ||| INVOKING Spit Poison.
   485 | D:1      | 485 ||| READING scroll labelled NISEMU GEAGOSH.
   490 | D:1      | 490 ||| READING scroll labelled FAFOTESEUCK.
   491 | D:1      | 491 ||| DRINKING 2 ruby potions.
   492 | D:1      | 492 ||| DRINKING 2 fuming grey potions.
   493 | D:1      | 493 ||| DROPPING scroll of butterflies.
   494 | D:1      | 494 ||| DROPPING potion of brilliance.
   517 | D:2      | 517 ||| INVOKING Spit Poison.
   521 | D:2      | 521 ||| INVOKING Spit Poison.
   557 | D:2      | 557 ||| INVOKING Spit Poison.
   563 | D:2      | 563 ||| INVOKING Spit Poison.
   620 | D:2      | 620 ||| INVOKING Spit Poison.
   665 | D:2      | 665 ||| INVOKING Spit Poison.
   668 | D:2      | 668 ||| INVOKING Spit Poison.
   673 | D:2      | Reached skill level 5 in Ranged Weapons
   673 | D:2      | Reached XP level 4. HP: 34/39 MP: 4/4
   770 | D:2      | 770 ||| INVOKING Spit Poison.
   810 | D:2      | 810 ||| INVOKING Spit Poison.
   886 | D:2      | 886 ||| INVOKING Spit Poison.
  1039 | D:2      | 1039 ||| INVOKING Spit Poison.
  1157 | D:2      | 1157 ||| INVOKING Spit Poison.
  1205 | D:2      | 1205 ||| INVOKING Spit Poison.
  1359 | D:2      | 1359 ||| READING scroll labelled WUXOAN NESOWI.
  1360 | D:2      | 1360 ||| READING scroll labelled NIWNOFFYODE.
  1361 | D:2      | 1361 ||| READING 3 scrolls of identify.
  1361 | D:2      | 1361 ||| IDENTIFYING lumpy sapphire potion
  1362 | D:2      | 1362 ||| DROPPING potion of lignification.
  1391 | D:3      | 1391 ||| INVOKING Spit Poison.
  1393 | D:3      | 1393 ||| STAIRDANCE
  1397 | D:2      | 1397 ||| INVOKING Spit Poison.
  1486 | D:3      | 1486 ||| INVOKING Spit Poison.
  1551 | D:3      | 1551 ||| INVOKING Spit Poison.
  1558 | D:3      | 1558 ||| INVOKING Spit Poison.
  1605 | D:3      | 1605 ||| INVOKING Spit Poison.
  1611 | D:3      | 1611 ||| INVOKING Spit Poison.
  1614 | D:3      | 1614 ||| INVOKING Spit Poison.
  1716 | D:3      | 1716 ||| INVOKING Spit Poison.
  1760 | D:3      | 1760 ||| INVOKING Spit Poison.
  1766 | D:3      | 1766 ||| INVOKING Spit Poison.
  1769 | D:3      | 1769 ||| INVOKING Spit Poison.
  1861 | D:3      | 1861 ||| INVOKING Spit Poison.
  1954 | D:3      | 1954 ||| UPGRADING to +0 orcbow.
  1955 | D:3      | 1955 ||| DROPPING +0 shortbow.
  2334 | D:3      | 2334 ||| READING scroll labelled UKHLEE JAZOARPH.
  2335 | D:3      | 2335 ||| DRINKING 2 red potions.
  2336 | D:3      | 2336 ||| READING 2 scrolls of identify.
  2336 | D:3      | 2336 ||| IDENTIFYING purple potion
  2337 | D:3      | 2337 ||| DROPPING potion of degeneration.
  2394 | D:4      | 2394 ||| PLANNING OSSUARY
  2408 | D:4      | Reached skill level 3 in Fighting
  2408 | D:4      | Reached XP level 5. HP: 47/49 MP: 5/5
  2436 | D:4      | 2436 ||| INVOKING Spit Poison.
  2441 | D:4      | 2441 ||| INVOKING Spit Poison.
  2524 | D:4      | 2524 ||| INVOKING Spit Poison.
  2603 | D:4      | 2603 ||| INVOKING Spit Poison.
  2608 | D:4      | 2608 ||| INVOKING Spit Poison.
  2693 | D:4      | 2693 ||| INVOKING Spit Poison.
  2706 | D:4      | Found Apsannar's Armour Emporium.
  2720 | D:4      | 2720 ||| BUYING +0 pair of gloves of dexterity (115 gold).
  2720 | D:4      | Bought a +0 pair of gloves of dexterity for 115 gold pieces
  2720 | D:4      | 2720 ||| SHOPLISTING +1 leather armour of cold resistance
                  | (140 gold, have 92).
  2720 | D:4      | 2720 ||| SHOPLISTING +1 leather armour of the Nurturing
                  | Gods {rElec Str-2 Dex+6 Slay+5} (504 gold, have 92).
  2720 | D:4      | 2720 ||| SHOPLISTING +2 helmet of see invisible (215 gold,
                  | have 92).
  2795 | D:4      | 2795 ||| INVOKING Spit Poison.
  2856 | D:4      | Noticed Natasha
  2857 | D:4      | 2857 ||| INVOKING Spit Poison.
  2858 | D:4      | Killed Natasha
  2859 | D:4      | Reached XP level 6. HP: 56/56 MP: 6/6
  2954 | D:4      | 2954 ||| INVOKING Spit Poison.
  2958 | D:4      | HP: 10/56 [ogre/+0 giant spiked club (7)]
  2959 | D:4      | 2959 ||| READING scroll of teleportation.
  2960 | D:4      | 2960 ||| DRINKING potion of heal wounds.
  2961 | D:4      | 2961 ||| INVOKING Spit Poison.
  2963 | D:4      | Reached skill level 6 in Ranged Weapons
  2997 | D:4      | 2997 ||| RIP OSSUARY
  3089 | D:4      | 3089 ||| PLANNING D:1-11
  3238 | D:4      | Noticed Natasha
  3240 | D:4      | Killed Natasha
  3307 | D:4      | Noticed Natasha
  3309 | D:4      | 3309 ||| INVOKING Spit Poison.
  3311 | D:4      | Killed Natasha
  3377 | D:4      | 3377 ||| INVOKING Spit Poison.
  3389 | D:4      | Found a sparkling altar of Nemelex Xobeh.
  3424 | D:4      | Found an ancient bone altar of Kikubaaqudgha.
  3424 | D:4      | Noticed a human
  3428 | D:4      | Killed a human
  3529 | D:4      | 3529 ||| UPGRADING to +0 pair of gloves of dexterity.
  3534 | D:4      | 3534 ||| DROPPING amulet of magic regeneration.
  3535 | D:4      | 3535 ||| READING scroll labelled KAPLUJ DUWEIHO.
  3536 | D:4      | 3536 ||| DRINKING 2 viscous emerald potions.
  3537 | D:4      | 3537 ||| DRINKING 4 potions of curing.
  3537 | D:4      | 3537 ||| (to cure confusion)
  3538 | D:4      | 3538 ||| READING 2 scrolls of identify.
  3538 | D:4      | 3538 ||| IDENTIFYING lumpy orange potion
  3539 | D:4      | 3539 ||| DROPPING potion of ambrosia.
  3554 | D:5      | Entered Level 5 of the Dungeon
  3558 | D:5      | Found a burning altar of Makhleb.
  3560 | D:5      | 3560 ||| INVOKING Spit Poison.
  3563 | D:5      | 3563 ||| INVOKING Spit Poison.
  3568 | D:5      | Reached XP level 7. HP: 64/64 MP: 7/7
  3569 | D:5      | 3569 ||| INVOKING Spit Poison.
  3572 | D:5      | 3572 ||| INVOKING Spit Poison.
  3575 | D:5      | 3575 ||| INVOKING Spit Poison.
  3579 | D:5      | 3579 ||| INVOKING Spit Poison.
  3649 | D:5      | Found a radiant altar of Vehumet.
  3695 | D:5      | 3695 ||| INVOKING Spit Poison.
  3709 | D:5      | 3709 ||| INVOKING Spit Poison.
  3715 | D:5      | 3715 ||| INVOKING Spit Poison.
  3837 | D:5      | 3837 ||| INVOKING Spit Poison.
  3839 | D:5      | Reached skill level 7 in Ranged Weapons
  3854 | D:5      | Identified the +4 rapier of Charity {vamp, Dex+6}
  3924 | D:5      | 3924 ||| INVOKING Spit Poison.
  3930 | D:5      | 3930 ||| INVOKING Spit Poison.
  3933 | D:5      | 3933 ||| INVOKING Spit Poison.
  3936 | D:5      | 3936 ||| INVOKING Spit Poison.
  3957 | D:5      | 3957 ||| INVOKING Spit Poison.
  3990 | D:5      | Reached skill level 8 in Ranged Weapons
  3990 | D:5      | Reached XP level 8. HP: 44/72 MP: 8/8
  4131 | D:5      | 4131 ||| INVOKING Spit Poison.
  4133 | D:5      | 4133 ||| Stepping ~*~*~tactically~*~*~ (outnumbered).
  4135 | D:5      | 4135 ||| Stepping ~*~*~tactically~*~*~ (outnumbered).
  4136 | D:5      | 4136 ||| INVOKING Spit Poison.
  4143 | D:5      | 4143 ||| INVOKING Spit Poison.
  4148 | D:5      | 4148 ||| INVOKING Spit Poison.
  4155 | D:5      | 4155 ||| INVOKING Spit Poison.
  4159 | D:5      | 4159 ||| INVOKING Spit Poison.
  4584 | D:5      | 4584 ||| UPGRADING to +1 leather armour of cold resistance.
  4594 | D:5      | 4594 ||| DROPPING +0 leather armour.
  4595 | D:5      | 4595 ||| UPGRADING to +0 helmet.
  4600 | D:5      | 4600 ||| DROPPING ring of magical power.
  4601 | D:5      | 4601 ||| DROPPING ring of wizardry.
  4629 | D:6      | 4629 ||| INVOKING Spit Poison.
  4631 | D:6      | 4631 ||| Stepping ~*~*~tactically~*~*~ (outnumbered).
  4634 | D:6      | 4634 ||| INVOKING Spit Poison.
  4638 | D:6      | 4638 ||| INVOKING Spit Poison.
  4641 | D:6      | 4641 ||| INVOKING Spit Poison.
  4644 | D:6      | 4644 ||| INVOKING Spit Poison.
  4645 | D:6      | Reached skill level 1 in Armour
  4690 | D:6      | Found a staircase to the Ecumenical Temple.
  4691 | D:6      | 4691 ||| PLANNING TEMPLE
  4700 | Temple   | Entered the Ecumenical Temple
  4825 | Temple   | 4825 ||| PLANNING OKAWARU WORSHIP
  4908 | Temple   | Became a worshipper of Warmaster Okawaru
  4909 | Temple   | 4909 ||| PLANNING D:1-11
  4938 | D:6      | 4938 ||| INVOKING Spit Poison.
  4945 | D:6      | 4945 ||| INVOKING Spit Poison.
  4950 | D:6      | 4950 ||| INVOKING Spit Poison.
  4990 | D:6      | 4990 ||| INVOKING Spit Poison.
  4994 | D:6      | 4994 ||| INVOKING Spit Poison.
  5126 | D:6      | 5126 ||| INVOKING Spit Poison.
  5302 | D:6      | 5302 ||| INVOKING Spit Poison.
  5305 | D:6      | 5305 ||| INVOKING Spit Poison.
  5476 | D:6      | 5476 ||| INVOKING Spit Poison.
  5482 | D:6      | 5482 ||| INVOKING Spit Poison.
  5486 | D:6      | 5486 ||| INVOKING Spit Poison.
  5490 | D:6      | 5490 ||| INVOKING Spit Poison.
  5493 | D:6      | 5493 ||| INVOKING Spit Poison.
  5555 | D:6      | 5555 ||| INVOKING Spit Poison.
  5557 | D:6      | Reached skill level 9 in Ranged Weapons
  5583 | D:6      | Identified the +6 long sword of the Two Names {elec, rF+
                  | Will+ Dex-2}
  5661 | D:6      | 5661 ||| INVOKING Spit Poison.
  5668 | D:6      | 5668 ||| INVOKING Spit Poison.
  5670 | D:6      | Reached * piety under Okawaru
  5671 | D:6      | Reached skill level 3 in Dodging
  5682 | D:6      | 5682 ||| INVOKING Heroism.
  5683 | D:6      | 5683 ||| INVOKING Spit Poison.
  5689 | D:6      | 5689 ||| INVOKING Spit Poison.
  5704 | D:6      | 5704 ||| INVOKING Spit Poison.
  5706 | D:6      | Reached skill level 6 in Fighting
  5706 | D:6      | Reached XP level 9. HP: 82/82 MP: 9/9
  5719 | D:6      | 5719 ||| INVOKING Spit Poison.
  5866 | D:6      | 5866 ||| INVOKING Spit Poison.
  5943 | D:6      | 5943 ||| INVOKING Spit Poison.
  5946 | D:6      | 5946 ||| INVOKING Spit Poison.
  5947 | D:6      | Reached skill level 1 in Invocations
  6005 | D:6      | 6005 ||| UPGRADING to ring of protection from cold.
  6006 | D:6      | 6006 ||| READING 2 scrolls labelled JYOSAB XUACATZ.
  6125 | D:6      | 6125 ||| DRINKING 2 smoky coppery potions.
  6125 | D:6      | Gained mutation: You are strong-willed. (Will+) [potion of
                  | mutation]
  6125 | D:6      | Gained mutation: You have an increased reservoir of magic.
                  | (+10% MP) [potion of mutation]
  6133 | D:6      | 6133 ||| DROPPING scroll of torment.
  6203 | D:7      | 6203 ||| INVOKING Spit Poison.
  6206 | D:7      | 6206 ||| INVOKING Spit Poison.
  6244 | D:7      | Found a large runed translucent door.
  6245 | D:7      | Found a large runed translucent door.
  6248 | D:7      | Noticed qw's ghost (novice NaHu)
  6303 | D:7      | 6303 ||| INVOKING Heroism.
  6308 | D:7      | Reached skill level 3 in Invocations
  6308 | D:7      | 6308 ||| INVOKING Spit Poison.
  6312 | D:7      | 6312 ||| INVOKING Spit Poison.
  6320 | D:7      | 6320 ||| INVOKING Spit Poison.
  6347 | D:7      | 6347 ||| INVOKING Spit Poison.
  6351 | D:7      | Found a glowing golden altar of the Shining One.
  6457 | D:7      | 6457 ||| INVOKING Spit Poison.
  6462 | D:7      | 6462 ||| INVOKING Spit Poison.
  6529 | D:7      | 6529 ||| INVOKING Spit Poison.
  6530 | D:7      | 6530 ||| INVOKING Heroism.
  6533 | D:7      | 6533 ||| INVOKING Spit Poison.
  6541 | D:7      | 6541 ||| INVOKING Spit Poison.
  6666 | D:7      | Found Nybiran's Armour Shop.
  6669 | D:7      | 6669 ||| BUYING +2 ring mail of poison resistance (288
                  | gold).
  6669 | D:7      | Bought a +2 ring mail of poison resistance for 288 gold
                  | pieces
  6669 | D:7      | 6669 ||| SHOPLISTING +2 robe of fire resistance (283 gold,
                  | have 59).
  6725 | D:7      | 6725 ||| READING scroll labelled SAIMEG ILIDGHU.
  6742 | D:8      | 6742 ||| INVOKING Heroism.
  6743 | D:8      | 6743 ||| INVOKING Spit Poison.
  6746 | D:8      | Reached skill level 10 in Ranged Weapons
  6747 | D:8      | 6747 ||| INVOKING Spit Poison.
  6802 | D:8      | 6802 ||| INVOKING Spit Poison.
  6804 | D:8      | 6804 ||| Stepping ~*~*~tactically~*~*~ (outnumbered).
  6806 | D:8      | 6806 ||| INVOKING Spit Poison.
  6811 | D:8      | 6811 ||| Stepping ~*~*~tactically~*~*~ (outnumbered).
  6812 | D:8      | 6812 ||| Stepping ~*~*~tactically~*~*~ (outnumbered).
  6813 | D:8      | 6813 ||| INVOKING Spit Poison.
  6818 | D:8      | 6818 ||| INVOKING Heroism.
  6824 | D:8      | 6824 ||| INVOKING Spit Poison.
  6929 | D:8      | 6929 ||| INVOKING Spit Poison.
  6942 | D:8      | 6942 ||| INVOKING Heroism.
  6943 | D:8      | 6943 ||| INVOKING Spit Poison.
  6950 | D:8      | 6950 ||| INVOKING Spit Poison.
  6958 | D:8      | 6958 ||| INVOKING Spit Poison.
  7011 | D:8      | Noticed Erica
  7012 | D:8      | 7012 ||| INVOKING Heroism.
  7014 | D:8      | 7014 ||| INVOKING Spit Poison.
  7019 | D:8      | 7019 ||| INVOKING Spit Poison.
  7027 | D:8      | 7027 ||| INVOKING Spit Poison.
  7027 | D:8      | Killed Erica
  7028 | D:8      | Reached XP level 10. HP: 54/96 MP: 12/14
  7264 | D:8      | Found the +5 Force Lance {heavy, knockback}
  7372 | D:8      | 7372 ||| INVOKING Spit Poison.
  7376 | D:8      | 7376 ||| INVOKING Spit Poison.
  7381 | D:8      | 7381 ||| INVOKING Heroism.
  7383 | D:8      | 7383 ||| INVOKING Spit Poison.
  7388 | D:8      | 7388 ||| INVOKING Spit Poison.
  7393 | D:8      | 7393 ||| INVOKING Spit Poison.
  7629 | D:8      | Found an ornate altar of the Wu Jian Council.
  7704 | D:8      | 7704 ||| INVOKING Spit Poison.
  7708 | D:8      | 7708 ||| INVOKING Heroism.
  7709 | D:8      | 7709 ||| INVOKING Spit Poison.
  7714 | D:8      | 7714 ||| INVOKING Spit Poison.
  7718 | D:8      | 7718 ||| INVOKING Spit Poison.
  7785 | D:8      | Noticed Prince Ribbit
  7786 | D:8      | 7786 ||| INVOKING Spit Poison.
  7792 | D:8      | 7792 ||| INVOKING Spit Poison.
  7793 | D:8      | Killed Prince Ribbit
  7826 | D:8      | 7826 ||| UPGRADING to +2 robe of cold resistance.
  7836 | D:8      | 7836 ||| DROPPING +1 leather armour of cold resistance.
  7837 | D:8      | 7837 ||| UPGRADING to ring of positive energy.
  7838 | D:8      | 7838 ||| READING scroll labelled MYJYMA KIUR.
  7874 | D:9      | 7874 ||| INVOKING Spit Poison.
  7876 | D:9      | 7876 ||| STAIRDANCE
  7925 | D:9      | 7925 ||| STAIRDANCE
  7966 | D:9      | 7966 ||| INVOKING Spit Poison.
  7967 | D:9      | 7967 ||| STAIRDANCE
  7998 | D:9      | 7998 ||| INVOKING Spit Poison.
  8000 | D:9      | 8000 ||| STAIRDANCE
  8070 | D:9      | 8070 ||| INVOKING Spit Poison.
  8075 | D:9      | 8075 ||| INVOKING Spit Poison.
  8098 | D:9      | Found a broken altar of Ashenzari.
  8100 | D:9      | Found a shadowy altar of Dithmenos.
  8100 | D:9      | Found a basalt altar of Yredelemnul.
  8106 | D:9      | 8106 ||| INVOKING Heroism.
  8116 | D:9      | 8116 ||| INVOKING Spit Poison.
  8124 | D:9      | Found a shimmering altar of Xom.
  8142 | D:9      | 8142 ||| INVOKING Heroism.
  8144 | D:9      | Reached skill level 11 in Ranged Weapons
  8300 | D:9      | 8300 ||| INVOKING Spit Poison.
  8302 | D:9      | 8302 ||| INVOKING Heroism.
  8303 | D:9      | 8303 ||| INVOKING Spit Poison.
  8313 | D:9      | 8313 ||| INVOKING Spit Poison.
  8339 | D:9      | Found a bloodstained altar of Trog.
  8421 | D:9      | 8421 ||| INVOKING Spit Poison.
  8423 | D:9      | 8423 ||| INVOKING Heroism.
  8427 | D:9      | 8427 ||| INVOKING Spit Poison.
  8431 | D:9      | 8431 ||| INVOKING Spit Poison.
  8441 | D:9      | Found a staircase to the Orcish Mines.
  8455 | D:9      | 8455 ||| INVOKING Spit Poison.
  8460 | D:9      | 8460 ||| INVOKING Spit Poison.
  8465 | D:9      | 8465 ||| INVOKING Spit Poison.
  8469 | D:9      | 8469 ||| INVOKING Heroism.
  8471 | D:9      | 8471 ||| INVOKING Spit Poison.
  8477 | D:9      | HP: 23/96 [yak (14)]
  8478 | D:9      | 8478 ||| READING 4 scrolls of teleportation.
  8479 | D:9      | 8479 ||| DRINKING potion of heal wounds.
  8480 | D:9      | 8480 ||| INVOKING Spit Poison.
  8484 | D:9      | 8484 ||| INVOKING Spit Poison.
  8485 | D:9      | 8485 ||| INVOKING Heroism.
  8665 | D:9      | 8665 ||| INVOKING Spit Poison.
  8670 | D:9      | 8670 ||| INVOKING Spit Poison.
  8675 | D:9      | 8675 ||| INVOKING Spit Poison.
  8681 | D:9      | 8681 ||| INVOKING Spit Poison.
  8685 | D:9      | 8685 ||| INVOKING Heroism.
  8687 | D:9      | Reached skill level 12 in Ranged Weapons
  8687 | D:9      | 8687 ||| INVOKING Spit Poison.
  8693 | D:9      | 8693 ||| INVOKING Spit Poison.
  8696 | D:9      | HP: 22/96 [yak (12)]
  8697 | D:9      | 8697 ||| READING 3 scrolls of teleportation.
  8892 | D:9      | 8892 ||| INVOKING Spit Poison.
  9096 | D:9      | Reached ** piety under Okawaru
  9097 | D:9      | Reached XP level 11. HP: 103/103 MP: 15/15
  9227 | D:9      | 9227 ||| UPGRADING to +2 helmet.
  9237 | D:9      | 9237 ||| DROPPING +0 helmet.
  9238 | D:9      | 9238 ||| UPGRADING to amulet of faith.
  9269 | D:10     | Entered Level 10 of the Dungeon
  9269 | D:10     | Found a staircase to the Lair.
  9299 | D:10     | Found an opulent altar of Gozag.
  9308 | D:10     | 9308 ||| INVOKING Heroism.
  9323 | D:10     | HP: 18/103 [gargoyle/stone arrow (15)]
  9324 | D:10     | 9324 ||| READING 3 scrolls of teleportation.
  9325 | D:10     | Killed from afar by a gargoyle

Levels and vault maps discovered:
D:1:      minmay_arrival_diagonal_passages, layout_rooms,
          hellmonk_ecumenical_altar_crossroads, hangedman_decor_push
D:2:      layout_basic, minmay_cut_off
D:3:      layout_basic, serial_park_tiny_1
D:4:      layout_layer_cave, nemelex_dance_club_becter, tgw_kikubaaqudgha,
          serial_shops, nicolae_shop_tiny_glass, nicolae_ossuary_entry_plus,
          uniq_natasha
D:5:      layout_loops_ring, lemuel_round_altar,
          mainiacjoe_overflow_concentric_impassable
D:6:      layout_loops_corners, minmay_temple_entry_large_hall, st_stairs_1
D:7:      layout_rooms, mainiacjoe_overflow_boulevard, serial_shops,
          kennysheep_mini_moat, ebering_ghost_disaster_area
D:8:      layout_rooms, mainiacjoe_overflow_paths, grunt_ministairs_9,
          uniq_erica, uniq_prince_ribbit1
D:9:      layout_roguey, bloody_trog, grunt_temple_overflow_open
D:10:     layout_basic, amcnicky_altar_gilded, kennysheep_little_box,
          lair_entry_dummy, uniq_snorg
Temple:   grunt_temple_mini_profane

Skill      XL: |  1  2  3  4  5  6  7  8  9 10 |
---------------+-------------------------------+-----
Ranged Weapons | 4 5 6 8 9 10 12 | 12.0
Fighting       | 3 4 6 7 8 |  8.0
Dodging        | 2 3 4 5 |  5.0
Armour         | 1 |  1.3
Invocations    | 4 |  4.0
Stealth        | |  1.5

Action                     |  1- 3 |  4- 6 |  7- 9 | 10-12 || total
---------------------------+-------+-------+-------+-------++-------
   Fire: Shortbow          |    54 |    52 |       |       ||   106
         Orcbow            |       |    50 |   277 |   218 ||   545
 Invoke: Heroism           |       |       |     7 |    10 ||    17
Ability: Spit Poison       |    17 |    33 |    71 |    36 ||   157
    Use: Scroll            |     2 |     8 |     2 |     4 ||    16
         Potion            |     2 |     4 |     1 |     1 ||     8
 Armour: Leather armour    |     4 |     6 |    51 |     3 ||    64
         Robe              |       |       |       |    17 ||    17
  Dodge: Dodged            |     7 |    21 |    69 |    86 ||   183

Table legend:
 A = Non-vault XP
 B = Vault XP
 C = Vault XP percentage of total XP
 D = Non-vault monster count
 E = Vault monster count
 F = Vault count percentage of total count
                 A         B        C        D         E       F
            +---------+---------+-------+---------+---------+-------
      Total |    7761 |    1632 |  17.4 |     201 |      15 |   6.9
            +---------+---------+-------+---------+---------+-------
        D:1 |      51 |       0 |   0.0 |      22 |       0 |   0.0
        D:2 |      56 |       5 |   8.2 |      16 |       3 |  15.8
        D:3 |      30 |       0 |   0.0 |      14 |       0 |   0.0
        D:4 |     354 |      40 |  10.2 |      16 |       3 |  15.8
        D:5 |     992 |       0 |   0.0 |      23 |       0 |   0.0
        D:6 |     930 |      58 |   5.9 |      29 |       2 |   6.5
        D:7 |    1139 |       0 |   0.0 |      23 |       0 |   0.0
        D:8 |     963 |    1529 |  61.4 |      28 |       7 |  20.0
        D:9 |    3246 |       0 |   0.0 |      30 |       0 |   0.0
            +---------+---------+-------+---------+---------+-------
